 Dungeon Crawl Stone Soup version 0.29.1-13-g9f3cf754e1 (webtiles) character file.

Game seed: 6541634753169686313

596 shadowmeld the Insei (level 7, -10/51 HPs)
             Began as a Djinni Monk on Jan 29, 2023.
             Was a Believer of the Shining One.
             Mangled by an ogre
             ... wielding a +0 giant club
              (23 damage)
             ... on level 4 of the Dungeon.
             The game lasted 00:34:42 (4302 turns).

shadowmeld the Insei (Djinni Monk)                  Turns: 4302, Time: 00:34:44

Health: -10/51     AC: 16    Str: 12    XL:     7   Next: 67%
Gold:   180        EV:  4    Int: 11    God:    the Shining One [**....] SH:  0 Dex: 16

rFire   + + .      SeeInvis .     - Unarmed
rCold   x . .      Faith    .   (no shield)
rNeg    + + .      Spirit   .   m - +0 plate armour
rPois   ∞          Reflect  .   k - +1 helmet
rElec   .          Harm     .   (no cloak)
rCorr   .          Rampage  .   z - +2 pair of gloves
Will    .....                   (boots unavailable)
Stlth   ..........              d - amulet of regeneration
HPRegen 0.97/turn               i - ring of positive energy
MPRegen 0.00/turn               t - ring of wizardry

@: flying, glowing, studying Unarmed Combat
A: sickness immunity, fire resistance 2, cold vulnerability 1, float, innate
caster, HP casting, extra vitality 1
a: Renounce Religion, Divine Shield


You were on level 4 of the Dungeon.
You worshipped the Shining One.
The Shining One was pleased with you.
You visited 1 branch of the dungeon, and saw 5 of its levels.

You collected 306 gold pieces.
You spent 126 gold pieces at shops.

Inventory:

Armour
 k - a +1 helmet (worn)
 m - a +0 plate armour (worn)
 z - a +2 pair of gloves (worn)
Jewellery
 d - an amulet of regeneration (around neck)
 i - a ring of positive energy (left hand)
 t - a ring of wizardry (right hand)
Wands
 a - a wand of flame (24)
 s - a wand of mindburst (8)
Scrolls
 e - 5 scrolls of fear
 f - a scroll of amnesia
 j - 5 scrolls of blinking
 l - 2 scrolls of enchant weapon
 q - a scroll of vulnerability
 u - a scroll of noise
 v - a scroll of butterflies {unknown}
 w - a scroll of magic mapping {unknown}
 x - a scroll of acquirement {unknown}
Potions
 b - a potion of ambrosia
 g - a potion of resistance
 h - a potion of might
 n - a potion of lignification
 o - 2 potions of attraction
 r - a potion of curing


   Skills:
 * Level 3.9 Fighting
 * Level 3.1 Armour
 * Level 4.3 Dodging
 - Level 1.7 Stealth
 * Level 6.0 Unarmed Combat
 * Level 1.5 Spellcasting


You had 3 spell levels left.
You knew the following spells:

 Your Spells              Type           Power      Damage    Failure   Level
a - Shock                 Conj/Air       16%        1d4       100%        1
b - Wereblood             Tmut           4%         N/A       100%        2
c - Call Canine Familiar  Summ           4%         N/A       100%        3
Your spell library was empty.


Dungeon Overview and Level Annotations

Branches:
Dungeon (5/15)
 Temple: D:4-7

Altars:
Elyvilon
Ru
The Shining One

Shops:
D:1 (   D:3 ?


Innate Abilities, Weirdness & Mutations

You are immune to sickness and miasma.
You are immune to poison.
Your flesh is very heat resistant. (rF++)
You are vulnerable to cold. (rC-)
You float through the air rather than walking.
You learn spells naturally, not from books.
Your magical power is your life essence.
You have superior vitality. (+4 MHP)


Message History

You aren't carrying any weapons that can be enchanted.
Okay, then.
Things that are here:
a +0 flail; a +0 dagger; a +0 robe
There is a stone staircase leading up here.
There is a stone staircase leading down here.
You fly downwards.
The ogre shouts!
Found 15 gold pieces.
There is a stone staircase leading up here.
Casting: Shock (safe; 100% risk of failure)
Confirm with . or Enter, or press ? or * to list all spells.
Aiming: Shock (safe; 100% risk of failure)
Press: ? - help, Shift-Dir - straight line, f - ogre
Aim: an ogre, wielding a +0 giant club (haloed, 89% to hit)
You miscast Shock.
You are very lightly contaminated with residual magic.
Nothing appears to happen.
You hit the ogre.
The ogre is lightly wounded.
You hit the ogre.
The ogre is moderately wounded.
The ogre hits you with a +0 giant club!!
You hit the ogre.
The ogre is moderately wounded.
The ogre hits you with a +0 giant club!
You fly upwards.
There is a stone staircase leading down here.
You hit the ogre.
The ogre is moderately wounded.
The ogre hits you with a +0 giant club!
* * * LOW HITPOINT WARNING * * *
The ogre attacks as you move away! The ogre barely misses you.
Your magical contamination has completely faded away.
The ogre attacks as you move away!
The ogre hits you with a +0 giant club!!
* * * LOW HITPOINT WARNING * * *
The ogre attacks as you move away!
The ogre hits you with a +0 giant club!!
You die...

##################
#................#
#.......>[######.#
#.........# #O#
#.........### #@#
#...........# #.#
#.........#.# #.#
..........#.# #.#
..........#.# #.#
..........#.####.#
.####......_.....#
## #######.######
# #.######


You could see an ogre.

Vanquished Creatures
  The ghost of Dvallin the Poker, an amateur NaMo (D:4)
  A black bear (D:4)
  A phantom (D:4)
  An orc priest (D:4)
  A gnoll bouda (D:4)
  2 iguanas (D:4)
  An orc wizard (D:4)
  8 adders
  6 gnolls (D:4)
  3 worms
  A dart slug (D:2)
  4 orcs (D:4)
  4 endoplasms
  5 giant cockroaches
  8 goblins
  6 hobgoblins
  4 jackals (D:2)
  2 kobolds
  3 quokkas
  7 ball pythons
  3 bats
  5 frilled lizards
  2 rats
79 creatures vanquished.

Vanquished Creatures (others)
  4 fungi (D:1)
  17 plants
21 creatures vanquished.

Grand Total: 100 creatures vanquished

Notes
Turn   | Place    | Note
-------+----------+-------------------------------------------
     0 | D:1      | shadowmeld the Djinni Monk began the quest for the Orb.
     0 | D:1      | Reached XP level 1. HP: 20/20 MP: 0/0
   340 | D:1      | Found Oteasi Ubugh's Antique Weapon Shop.
   446 | D:1      | Reached XP level 2. HP: 21/25 MP: 0/0
   660 | D:1      | Found a faded altar of an unknown god.
  1077 | D:2      | Reached XP level 3. HP: 30/30 MP: 0/0
  1077 | D:2      | Learned a level 1 spell: Shock
  1304 | D:2      | Reached XP level 4. HP: 35/35 MP: 0/0
  1605 | D:2      | Reached skill level 4 in Unarmed Combat
  2038 | D:3      | Reached skill level 1 in Armour
  2147 | D:3      | Found a glowing golden altar of the Shining One.
  2158 | D:3      | Reached XP level 5. HP: 40/40 MP: 0/0
  2158 | D:3      | Learned a level 2 spell: Wereblood
  2169 | D:3      | Became a worshipper of the Shining One
  2169 | D:3      | Reached * piety under the Shining One
  2169 | D:3      | Reached ** piety under the Shining One
  2492 | D:3      | Found a white marble altar of Elyvilon.
  2535 | D:3      | Found Vaupatzowe's Magic Scroll Shoppe.
  2539 | D:3      | Bought a scroll of identify for 28 gold pieces
  2539 | D:3      | Bought a scroll of identify for 28 gold pieces
  2539 | D:3      | Bought a scroll of teleportation for 42 gold pieces
  2539 | D:3      | Bought a scroll of identify for 28 gold pieces
  2964 | D:4      | Found a transporter.
  3047 | D:4      | Found a transporter.
  3094 | D:4      | Noticed Dvallin's ghost (amateur NaMo)
  3182 | D:4      | Identified the +1 robe "Voafip" {+Blink Regen+ Dex-4}
  3275 | D:4      | Found a sacrificial altar of Ru.
  3369 | D:4      | Noticed a phantom
  3391 | D:4      | Killed a phantom
  3392 | D:4      | Reached skill level 5 in Unarmed Combat
  3392 | D:4      | Reached skill level 1 in Spellcasting
  3392 | D:4      | Reached XP level 6. HP: 43/46 MP: 0/0
  3563 | D:4      | Noticed a black bear
  3574 | D:4      | Killed a black bear
  3617 | D:4      | Reached XP level 7. HP: 51/51 MP: 0/0
  3617 | D:4      | Learned a level 3 spell: Call Canine Familiar
  3839 | D:4      | The Shining One protects you from harm!
  3839 | D:4      | HP: 2/51 [gnoll/+0 spear (1)]
  3982 | D:4      | Killed Dvallin's ghost
  3993 | D:4      | Reached skill level 6 in Unarmed Combat
  4267 | D:5      | Entered Level 5 of the Dungeon
  4302 | D:4      | Mangled by an ogre

Illustrated notes

Levels and vault maps discovered:
D:1:      minmay_arrival_up_and_down, layout_loops_corners, serial_shops, shop,
          shapermc_ecumenical_altar_ellora
D:2:      layout_rooms
D:3:      layout_loops_corners, elyvilon_altar_4, tso_metal_star, serial_shops,
          shop, minmay_shallow_snake_nest
D:4:      layout_loops_ring, overflow_temple_1_default, led_sif_pool,
          serial_bayou, serial_bayou_shore_b, serial_bayou_pond_b,
          serial_bayou_shore_b, serial_bayou_crossing, serial_bayou_pond_d,
          gammafunk_ghost_gnarly_gnolls
D:5:      layout_basic, marbit_many_paths, overflow_temple_1_default

Skill      XL: |  1  2  3  4  5  6  7 |
---------------+----------------------+-----
Unarmed Combat | 4 5 6 |  6.0
Armour         | 1 2 3 |  3.1
Dodging        | 4 |  4.3
Spellcasting   | 1 |  1.5
Fighting       | |  3.9
Stealth        | |  1.7

Action                   |  1- 3 |  4- 6 |  7- 9 || total
-------------------------+-------+-------+-------++-------
Melee: Unarmed           |   137 |   177 |    56 ||   370
       Punch             |     5 |     5 |     8 ||    18
  Use: Scroll            |       |    11 |     2 ||    13
       Potion            |       |     1 |     1 ||     2
 Stab: Sleeping          |     4 |       |       ||     4
Armor: Robe              |     4 |       |       ||     4
       Leather armour    |     2 |       |       ||     2
       Ring mail         |    38 |    22 |       ||    60
       Scale mail        |       |    19 |       ||    19
       Chain mail        |       |    26 |    11 ||    37
       Plate armour      |       |       |    36 ||    36
Dodge: Dodged            |    79 |    86 |    16 ||   181
